 Dungeon Sprint DCSS version 0.24-a0-809-g71cb82dfb8 (webtiles) character file.

Game seed: 12816835423295470711, levelgen mode: deterministic

130 MisterOstroum the Summoner (level 4, -7/28 HPs)
             Began as a Deep Elf Summoner on Oct 11, 2019.
             Was an Initiate of Gozag.
             Mangled by an ogre mage
             ... wielding a +0 spear
              (9 damage)
             ... in the Dungeon (Sprint V: "Ziggurat Sprint").
             The game lasted 00:05:13 (351 turns).

MisterOstroum the Summoner (Deep Elf Summoner)       Turns: 351, Time: 00:05:14

Health: -7/28      AC:  5    Str:  5    XL:     4   Next: 90%
Magic:  12/16      EV: 13    Int: 32    God:    Gozag
Gold:   126        SH:  0    Dex: 16    Spells: 13/20 levels left

rFire    + . .     SeeInvis .   c - +8 lance "Wyrmbane" {slay drac, rPois rF+ rC+ AC+3}
rCold    + . .     Gourm    .   (no shield)
rNeg     . . .     Faith    .   E - +0 robe
rPois    +         Spirit   .   (no helmet)
rElec    .         Reflect  .   (no cloak)
rCorr    .         Harm     .   (no gloves)
MR       .....     NoTele   +   (no boots)
Stlth    ++........             (no amulet)
HPRegen  0.09/turn              z - +6 ring of intelligence
MPRegen  0.15/turn              A - +6 ring of intelligence

@: no status effects
A: no striking features
a: Potion Petition, Call Merchant, Bribe Branch, Renounce Religion


You were in the Dungeon.
You worshipped Gozag.
Gozag was aware of your devotion.
You were not hungry.

You visited 1 branch You collected 126 gold pieces.

Inventory:

Hand Weapons
 a - the +8 storm bow {elec, penet}
   (You found it in the Dungeon)

   It charges the ammunition it shoots with electricity; occasionally upon a
   hit, such missiles may discharge and cause terrible harm.
   Ammo fired by it will pass through the targets it hits, potentially hitting
   all targets in its path until it reaches maximum range.
 b - the +6 shillelagh "Devastator" {shatter}
   (You found it in the Dungeon)
 c - the +8 lance "Wyrmbane" (weapon) {slay drac, rPois rF+ rC+ AC+3}
   (You found it in the Dungeon)

   It affects your AC (+3).
   It protects you from fire.
   It protects you from cold.
   It protects you from poison.
 d - a +5 quick blade
 B - the +9 heavy crossbow "Sniper" {velocity, Acc+∞ SInv}
   (You found it in the Dungeon)

   Any bolt fired from it inflicts extra damage.
   It lets you see invisible.
Missiles
 H - 1000 arrows
 K - 1000 bolts
Armour
 E - a +0 robe (worn)
 F - the +18 shield of the Gong {rElec rN+ MR+ EV-5}
   (You found it in the Dungeon)

   It affects your evasion (-5).
   It insulates you from electricity.
   It protects you from negative energy.
   It affects your resistance to hostile enchantments.
 I - +5 gold dragon scales
 J - a +3 large shield
Jewellery
 t - an uncursed ring of flight
 y - a +6 ring of dexterity
 z - a +6 ring of intelligence (left hand)
 A - a +6 ring of intelligence (right hand)
 L - the ring "Sokhuiss" {rElec rPois rC- MP-9 Dex+8}
   (You found it in the Dungeon)

   [ring of poison resistance]

   It affects your dexterity (+8).
   It makes you vulnerable to cold.
   It insulates you from electricity.
   It protects you from poison.
   It affects your magic capacity (-9).
Wands
 v - a wand of disintegration (7)
 w - a wand of iceblast (7)
 x - a wand of acid (7)
Scrolls
 i - 4 scrolls of blinking {@r4}
 l - 4 scrolls of amnesia
 o - 7 scrolls of fog
 p - a scroll of holy word
 q - 5 scrolls of identify
 r - 5 scrolls of remove curse
 s - 2 scrolls of fear
Potions
 f - 6 potions of haste {@q4 !q}
 g - 7 potions of magic
 h - 3 potions of berserk rage
 j - 2 potions of invisibility
 k - 4 potions of resistance
 m - 5 potions of agility
 n - 5 potions of might
 C - 10 potions of heal wounds {@q2 !q}
 D - 2 potions of brilliance
 G - 10 potions of curing {@q1 !q}
Miscellaneous
 u - a lightning rod (4/4)
Comestibles
 e - 7 rations


   Skills:
 + Level 3.0 Fighting
 - Level 4.0 Bows
 - Level 2.4 Dodging
 - Level 2.4 Stealth
 + Level 8.8 Spellcasting
 + Level 8.9 Summonings
 * Level 0.0 Air Magic


You had 13 spell levels left.
You knew the following spells:

 Your Spells              Type           Power        Failure   Level  Hunger
a - Summon Small Mammal   Summ           ####         1%          1    None
b - Call Imp              Summ           ######..     1%          2    None
c - Summon Lightning Spi  Summ/Air       #####...     5%          4    None

Your spell library contained the following spells:

 Spells                   Type           Power        Failure   Level  Hunger
 Call Canine Familiar     Summ           ######..     1%          3    None
 Summon Guardian Golem    Hex/Summ       #####...     1%          3    None
 Summon Ice Beast         Ice/Summ       #####...     5%          4    None


Dungeon Overview and Level Annotations

Branches:
Dungeon (1/1)

Altars:
Ashenzari
Cheibriados
Dithmenos
Elyvilon
Fedhas
Gozag
Hepliaklqana
Kikubaaqudgha
Makhleb
Nemelex Xobeh
Okawaru
Qazlal
Ru
Sif Muna
Trog
Uskayaw
Vehumet
Wu Jian
Xom
Yredelemnul
Zin
The Shining One
Beogh
Jiyva
Lugonu

Annotations:
D 1 transporter


Message History

Your white imp barely misses the basilisk.
Unknown command.
The killer bee stings your white imp.
The killer bee completely misses your white imp.
The basilisk gazes at you.
Your crimson imp is moving more slowly.
Your white imp gestures at the basilisk.
The puff of frost hits the basilisk.
Your crimson imp blinks!
Your limbs are stiffening.
Wield which item (- for none, * to show all)? (? for menu, Esc to quit)
Okay, then.
Unknown command.
Firing (i - inventory)
H - 999 arrows (quivered)
Press: ? - help, Shift-Dir - straight line, f/p - basilisk
Aim: a basilisk shaped shifter (lightly wounded)
You shoot an arrow. The arrow pierces through the basilisk!
Lightning courses through the basilisk!!
The basilisk is almost dead.
The killer bee changes into an adder!
Your white imp closely misses the basilisk.
The basilisk gazes at you.
Your limbs have turned to stone.
Your white imp gestures at the basilisk.
The puff of frost hits the basilisk!
The basilisk dies!
Training target 5.0 for Spellcasting reached!
Your Spellcasting skill gained 4 levels and is now at level 8!
Your Summonings skill gained 2 levels and is now at level 8!
You have reached level 3!
Your experience leads to an increase in your attributes!
Your base attributes are Str 5, Int 19, Dex 15.
Increase (S)trength, (I)ntelligence, or (D)exterity?
You feel agile.
You have reached level 4!
You feel clever.
You have turned to stone.
The adder changes into a quokka!
Your white imp hits the quokka.
Your white imp freezes the quokka.
The quokka dies!
Your crimson imp stops moving altogether!
You turn to flesh and can move again.
You now have 81 gold pieces.
H - 999 arrows (gained 1)
You now have 126 gold pieces (gained 45).
There is a transporter landing site here.
Your crimson imp is no longer petrified.
L - the ring "Sokhuiss" {rElec rPois rC- MP-9 Dex+8}
H - 1000 arrows (gained 1)
There is a transporter here.
You see here a +1 long sword of electrocution.
You swap places.
There is a transporter here.
You start resting.
Magic restored.
Memorise Summon Lightning Spire, consuming 4 spell levels and leaving 13?
You start memorising the spell.
You continue memorising. x4
You finish memorising.
Spell assigned to 'c'.
Unknown command.
You start resting.
Your crimson imp blinks! x2
HP restored.
Welcome to arena 2.
You enter the transporter and appear at another place.
A centaur warrior, an ogre mage and an ironbrand convoker come into view.
The centaur warrior shouts!
The ogre mage shouts!
The centaur warrior picks up an uncursed staff of power.
The centaur warrior wields an uncursed staff of power.
Found a book of Frost and a Grand Grimoire.
Found a transporter.
Unknown command.
Casting: Call Imp (safe; 1% risk of failure)
Confirm with . or Enter, or press ? or * to list all spells.
Aiming: Summon Lightning Spire (safe; 5% risk of failure)
Press: ? - help, Dir - move target cursor An electric hum fills the air.
The centaur warrior wields a +0 shortbow.
The centaur warrior shoots an arrow.
The arrow hits you!
Ouch! That really hurt!
The ironbrand convoker begins to recite a word of recall!
The centaur warrior shoots an arrow.
The arrow hits your lightning spire.
Your lightning spire shoots out a bolt of lightning at the ironbrand convoker!
The bolt of electricity hits the ironbrand convoker!
Wield which item (- for none, * to show all)? (? for menu, Esc to quit)
The +8 storm bow {elec, penet} stops crackling.
You feel an overwhelming desire to slay dragons!
c - the +8 lance "Wyrmbane" (weapon)
{slay drac, rPois rF+ rC+ AC+3} Attack whom?
Press: ? - help, Dir - move target cursor, f - ogre mage
Aim: an ogre mage, wielding a +0 spear and wearing a +0 robe You could not reach far enough!
The ogre mage casts a spell at you.
The bolt of cold hits your lightning spire!
Your lightning spire resists.
The bolt of cold hits you! You resist.
* * * LOW HITPOINT WARNING * * *
Your crimson imp barely misses the ogre mage.
The ogre mage hits you from afar with a +0 spear!
You die...
Your body crumbles into a pile of gold.

▓▓▓▓▓▓▓▓▓▓▓▓▓
▓.8©8.▓.8©8.▓
▓..::.▓.....▓
▓...p.▓...).▓
▓.....▓.....▓
▓cO...▓.....▓
▓.855.▓..©..▓
▓.@©..▓▓▓▓▓▓▓
▓▓▓▓▓▓▓


You could see a centaur warrior, an ogre mage, an ironbrand convoker, a friendly
lightning spire, a friendly crimson imp and a friendly white imp.

Vanquished Creatures (collateral kills)
  A basilisk (shapeshifter) (D)
  A quokka (shapeshifter) (D)
2 creatures vanquished.

Notes
Turn   | Place    | Note
-------+----------+-------------------------------------------
     0 | D        | MisterOstroum the Deep Elf Summoner began the quest for the
                  | Orb.
     0 | D        | Reached XP level 1. HP: 10/10 MP: 6/6
     0 | D        | Found a shimmering blue altar of Sif Muna.
     0 | D        | Found a sacrificial altar of Ru.
     0 | D        | Found a bloodstained altar of Trog.
     0 | D        | Found a stormy altar of Qazlal.
     0 | D        | Found an iron altar of Okawaru.
     0 | D        | Found a sparkling altar of Nemelex Xobeh.
     0 | D        | Found a blossoming altar of Fedhas.
     1 | D        | Found the +6 Majin-Bo {vamp, Archmagi MP+6 Int+6}
     1 | D        | Found the +7 great mace "Firestarter" {inner flame, rF++}
     2 | D        | Found a transporter.
     2 | D        | Found an ancient bone altar of Kikubaaqudgha.
     2 | D        | Found a viscous altar of Jiyva.
     2 | D        | Found a corrupted altar of Lugonu.
     2 | D        | Found a hazy altar of Hepliaklqana.
     2 | D        | Found a burning altar of Makhleb.
     2 | D        | Found an opulent altar of Gozag.
    28 | D        | Found the +9 heavy crossbow "Sniper" {velocity, Acc+∞ SInv}
    28 | D        | Found the +10 dark maul {crush}
    28 | D        | Found the +15 Maxwell's patent armour {-Cast -Tele rElec
                  | MR+ rCorr}
    28 | D        | Found the +18 shield of the Gong {rElec rN+ MR+ EV-5}
    28 | D        | Found the cursed +14 obsidian axe {chop, +Fly SInv *Curse}
    32 | D        | Found the +6 shillelagh "Devastator" {shatter}
    32 | D        | Found the +11 plutonium sword {*Contam Stlth-}
    32 | D        | Found the +8 lance "Wyrmbane" {slay drac, rPois rF+ rC+
                  | AC+3}
    32 | D        | Found the +9 sword of Zonguldrok {reap}
    32 | D        | Found the cursed +13 scythe of Curses {drain, *Curse}
    32 | D        | Found the +0 sword of Power
    32 | D        | Found the +7 mace of Variability {chain chaos}
    32 | D        | Found the +7 Singing Sword {slice, sonic wave}
    32 | D        | Found the +8 storm bow {elec, penet}
    69 | D        | Reached XP level 2. HP: 19/19 MP: 6/9
    73 | D        | Learned a level 2 spell: Call Imp
    90 | D        | Became a worshipper of Gozag Ym Sagoz the Greedy
   139 | D        | Entered arena 2.
   139 | D        | Noticed a wyvern
   139 | D        | Found a transporter.
   143 | D        | Noticed a basilisk
   143 | D        | a wyvern changed into a basilisk
   145 | D        | Noticed a killer bee
   145 | D        | a worm changed into a killer bee
   147 | D        | a killer bee changed into an adder
   147 | D        | Killed a basilisk
   147 | D        | Reached XP level 3. HP: 8/23 MP: 5/15
   147 | D        | Reached XP level 4. HP: 10/28 MP: 5/16
   165 | D        | Got the ring "Sokhuiss" {rElec rPois rC- MP-9 Dex+8}
   220 | D        | Learned a level 4 spell: Summon Lightning Spire
   347 | D        | Entered arena 3.
   347 | D        | Noticed a centaur warrior
   347 | D        | Noticed an ogre mage
   347 | D        | Noticed an ironbrand convoker
   347 | D        | Found a transporter.
   351 | D        | Mangled by an ogre mage

Levels and vault maps discovered:
D:        sprint_v [room_start, room_1, room_2, room_3, room_4, room_5, room_6,
          room_7, room_8, room_9, room_10, room_11, room_12, room_13, room_14,
          room_15, room_16, room_17, room_18, room_19, room_20, room_21,
          room_22, room_23, room_24, room_25, room_26, room_27]

Skill      XL: |  1  2 |
---------------+-------+-----
Fighting       | 3 |  3.0
Bows           | 4 |  4.0
Spellcasting   | 4 8 |  8.8
Summonings     | 6 8 |  8.9
Dodging        | |  2.4
Stealth        | |  2.4

Action                   |  1- 3 |  4- 6 || total
-------------------------+-------+-------++-------
 Fire: Longbow           |     2 |       ||     2
 Cast: Summon Small Mamm |     1 |       ||     1
       Call Imp          |     2 |       ||     2
       Summon Lightning  |       |     1 ||     1
  Use: Potion            |     1 |       ||     1
Dodge: Dodged            |     3 |       ||     3

Table legend:
 A = Non-vault XP
 B = Vault XP
 C = Vault XP percentage of total XP
 D = Non-vault monster count
 E = Vault monster count
 F = Vault count percentage of total count
                 A         B        C        D         E       F
            +---------+---------+-------+---------+---------+-------
      Total |       0 |     175 | 100.0 |       0 |       2 | 100.0
            +---------+---------+-------+---------+---------+-------
          D |       0 |     175 | 100.0 |       0 |       2 | 100.0
            +---------+---------+-------+---------+---------+-------
